 Dungeon Crawl Stone Soup version 0.20-a0-548-g4f8a798 (webtiles) character file.

69 Alarkh the Slasher (level 4, -1/35 HPs)
             Began as a Demonspawn Monk on Feb 1, 2017.
             Slain by Terence
             ... wielding a +0 flail
              (2 damage)
             ... on level 2 of the Dungeon.
             The game lasted 00:01:51 (1028 turns).

Alarkh the Slasher (Demonspawn Monk)                Turns: 1028, Time: 00:01:51

Health: -1/35      AC:  4    Str: 11    XL:     4   Next: 2%
Magic:  4/4        EV: 18    Int: 13    God:
Gold:   108        SH:  0    Dex: 20    Spells: 3/3 levels left

rFire    . . .     SeeInvis .   a - +0 falchion
rCold    + . .     Gourm    .   j - +0 leather armour (curse)
rNeg     . . .     Faith    .   (no shield)
rPois    .         Spirit   .   n - +0 helmet
rElec    .         Reflect  .   (no cloak)
rCorr    .         Harm     .   (no gloves)
MR       .....                  (no boots)
Stlth    +++.......             (no amulet)
Regen    0.2/turn               (no ring)
                                l - ring of protection from cold

@: agile
A: talons 1, spiny 1
a: no special abilities


You were on level 2 of the Dungeon.
You were hungry.

You visited 1 branch of the dungeon, and saw 2 of its levels.

You collected 108 gold pieces.

Inventory:

Hand Weapons
 a - a +0 falchion (weapon)
Armour
 b - a +0 robe
 j - a cursed +0 leather armour (worn)
 n - a +0 helmet (worn)
Jewellery
 l - a ring of protection from cold (left hand)
Scrolls
 f - 2 scrolls of identify {unknown}
 k - a scroll of remove curse {unknown}
 m - a scroll of recharging {unknown}
Potions
 g - a potion of resistance
 h - a potion of berserk rage {unknown}
 o - a potion of flight {unknown}
 p - a potion of invisibility {unknown}
 q - a potion of curing {unknown}
Comestibles
 c - 2 bread rations
 d - 4 chunks of flesh
 r - a royal jelly


   Skills:
 - Level 3.0 Fighting
 + Level 4.4 Long Blades
 - Level 2.6 Dodging
 - Level 1.7 Stealth


You had 3 spell levels left.
You didn't know any spells.

Dungeon Overview and Level Annotations

Branches:
Dungeon (2/15)

Altars:

Annotations:
D:2 Terence


Innate Abilities, Weirdness & Mutations

You have sharp toenails.
You are partially covered in sharp spines.


Message History

You hit Terence. You claw Terence, but do no damage.
Terence is heavily wounded.
Terence misses you.
You hit Terence but do no damage. You claw Terence, but do no damage.
Terence is heavily wounded.
Terence hits you with a flail!
* * * LOW HITPOINT WARNING * * *
You barely miss Terence.
Terence is heavily wounded.
Terence completely misses you.
You hit Terence. You claw Terence, but do no damage.
Terence is heavily wounded.
Terence misses you.
You completely miss Terence.
Terence is heavily wounded.
Terence misses you.
You hit Terence but do no damage.
Terence is heavily wounded.
Terence is struck by your spines. Terence hits you with a flail.
You die...

######...# ##........#
##.........# ##
#.........## .. #.
#.........# #. ##. #.
#.........###....##.. ##.
#..............# #... #..
#.......@.##.....#..###.#
##......@### #####......#
#..........## #.....####
#.....>.......##..#.##
#..)......###.......####.
#.........# ####.........
#.........# ##....###...
##.......#####..#### #..)
##.....##.....## #...
###[.....##### #...


You could see Terence.

Vanquished Creatures
  An adder (D:2)
  2 oozes
  A worm (D:1)
  2 dart slugs
  2 leopard geckos
  2 ball pythons (D:1)
  4 bats
  4 giant cockroaches
  4 goblins (D:1)
  4 hobgoblins
  3 jackals (D:1)
  A quokka (D:1)
  3 frilled lizards (D:1)
  2 kobolds (D:1)
  7 rats (D:1)
42 creatures vanquished.

Notes
Turn   | Place    | Note
-------+----------+-------------------------------------------
     0 | D:1      | Alarkh the Demonspawn Monk began the quest for the Orb.
     0 | D:1      | Reached XP level 1. HP: 18/18 MP: 1/1
    54 | D:1      | Reached skill level 3 in Long Blades
    87 | D:1      | Gained mutation: You are partially covered in sharp spines. [demonic ancestry]
    87 | D:1      | Reached XP level 2. HP: 19/24 MP: 2/2
   240 | D:1      | Reached XP level 3. HP: 21/29 MP: 3/3
   419 | D:1      | Reached skill level 4 in Long Blades
   988 | D:2      | Gained mutation: You have sharp toenails. [demonic ancestry]
   988 | D:2      | Reached XP level 4. HP: 35/35 MP: 4/4
   999 | D:2      | Noticed Terence
  1024 | D:2      | HP: 1/35 [Terence/flail (8)]
  1028 | D:2      | Slain by Terence

Vault maps used:
D:1:      onia_arrival_larder
D:2:      nicolae_qazlal_style_of_elements, uniq_terence

Skill      XL: |  1  2  3 |
---------------+----------+-----
Long Blades    | 3 4 |  4.4
Fighting       | |  3.0
Dodging        | |  2.6
Stealth        | |  1.7

Action                   |  1- 3 |  4- 6 || total
-------------------------+-------+-------++-------
Melee: Falchion          |    88 |    13 ||   101
       Kick              |       |     5 ||     5
  Use: Potion            |       |     3 ||     3
 Stab: Sleeping          |     6 |       ||     6
Armor: Robe              |     1 |       ||     1
       Leather armour    |     6 |     1 ||     7
Dodge: Dodged            |    67 |     8 ||    75
       Rpst.: Falchion   |    27 |     1 ||    28
